 Dungeon Crawl Stone Soup version 0.16-a0-3219-g20c30b8 (console) character file.

1612 Kite the Cleaver (level 8, -8/61 (64) HPs)
             Began as a Minotaur Berserker on Dec 21, 2014.
             Was a Priest of Trog.
             Mangled by Pikel
             ... wielding a +0 whip of electrocution
              (16 damage)
             ... on level 6 of the Dungeon.
             The game lasted 00:30:58 (6352 turns).

Kite the Cleaver (Minotaur Berserker)               Turns: 6352, Time: 00:30:58

HP:   -8/61 (64)    AC:  4    Str: 21    XL:     8   Next: 63%
MP:   3/3           EV: 12    Int:  4    God:    Trog [***...]
Gold: 328           SH:  0    Dex: 13    Spells: 0 memorised, 7 levels left

rFire  + . .     SeeInvis .     x - +0 war axe
rCold  x . .     Clarity  .     v - +1 robe {rN+}
rNeg   + . .     SustAb   .     (no shield)
rPois  .         Gourm    .     (helmet restricted)
rElec  .         Spirit   .     (no cloak)
rCorr  .         Warding  .     w - +0 pair of gloves
rMut   .         Stasis   .     (no boots)
MR     ++...                    (no amulet)
Stlth  +.........               (no ring)
                                f - ring of fire

@: regenerating, very resistant to hostile enchantments, very unstealthy
A: retaliatory headbutt, horns 2
a: Burn Spellbooks, Berserk, Trog's Hand, Renounce Religion


You were on level 6 of the Dungeon.
You worshipped Trog.
Trog was most pleased with you.
You were not hungry.

You visited 1 branch of the dungeon, and saw 6 of its levels.

You collected 328 gold pieces.

Inventory:

Hand weapons
 a - a +0 hand axe
 r - a +0 hand axe
 x - a +0 war axe (weapon)
Missiles
 y - 5 javelins (quivered)
Armour
 d - a +0 chain mail
 v - a +1 robe of positive energy (worn)
 w - a +0 pair of gloves (worn)
Jewellery
 f - a ring of fire (left hand)
 M - an uncursed amulet of stasis
Scrolls
 b - a scroll of random uselessness {unknown}
 h - 3 scrolls of recharging {unknown}
 i - 4 scrolls of teleportation
 j - a scroll of remove curse {unknown}
 m - a scroll of magic mapping
 p - a scroll of fog {unknown}
 q - 6 scrolls of identify
 z - a scroll of amnesia {unknown}
 B - a scroll of blinking {unknown}
 C - 2 scrolls of enchant armour {unknown}
 E - a scroll of noise {unknown}
Potions
 e - a potion of flight
 g - a potion of haste {unknown}
 l - 2 potions of curing {unknown}
 n - 2 potions of agility {unknown}
 o - a potion of brilliance {unknown}
 s - a potion of cancellation {unknown}
 t - a potion of invisibility {unknown}
 u - a potion of berserk rage {unknown}
 A - a potion of heal wounds {unknown}
Comestibles
 c - 5 bread rations
 k - 2 royal jellies
 D - a chunk of flesh
 F - a beef jerky


   Skills:
 - Level 3.6 Fighting
 * Level 13.1 Axes
 - Level 2.4 Armour
 - Level 2.1 Dodging


You had 7 spell levels left.
You didn't know any spells.

Dungeon Overview and Level Annotations

Branches:
Dungeon (6/15)
 Temple: D:4-7

Altars:
Trog

Shops:
D:5 (   D:6 [

Annotations:
D:6 Pikel


Innate Abilities, Weirdness & Mutations

You reflexively headbutt those who attack you in melee.
You have a pair of horns on your head.


Message History

You hit the slave.
The slave is heavily wounded.
You closely miss Pikel. Your headbutt misses Pikel. You slash Pikel!
Pikel is moderately wounded.
Pikel hits you with a whip of electrocution.
You are electrocuted!
* * * LOW HITPOINT WARNING * * *
You hit Pikel but do no damage. Your headbutt misses Pikel.
Pikel is moderately wounded.
You closely miss Pikel.
Pikel is moderately wounded.
Pikel hits you with a whip of electrocution.
* * * LOW HITPOINT WARNING * * *
You barely miss Pikel. Your headbutt misses Pikel.
Pikel is moderately wounded.
Pikel hits you with a whip of electrocution.
* * * LOW HITPOINT WARNING * * *
You are electrocuted!
You die...

............#....#.......#
............#....#.......+
##+##+###'###....#.......#
......+..........+.......#
...<..#...)......#.......#
#'###+####'##....#.......#
........#..##....#.......#
........#..##....#.[.....#
........#...#...@Kp......#
........'...#...[#.......#
........#...#....#.......#
........#...+....#.......#
........##+####+##.......#
#######.... .......###
#..... ........# #.....
........+ #..... ........#


You could see Pikel and a slave.

Vanquished Creatures
  Grinder (D:4)
  The ghost of Afay the Poker, an average MfGl (D:3)
  The ghost of MackTheKnife the Sneak, an average OpWn (D:4)
  An ice beast (D:6)
  3 ogres
  3 slaves (D:6)
  A phantom (D:5)
  A necrophage (D:5)
  A centaur (D:5)
  2 giant frogs (D:6)
  A scorpion (D:4)
  A hound (D:5)
  2 jellies (D:5)
  2 orc wizards
  An iguana (D:5)
  A worker ant (D:5)
  Jessica (D:2)
  A worker ant zombie (D:6)
  3 gnolls (D:5)
  6 adders
  6 giant geckos
  2 oozes
  16 orcs
  13 bats
  4 giant cockroaches
  11 goblins
  9 hobgoblins
  4 jackals (D:5)
  A quokka (D:2)
  6 ball pythons
  5 giant newts
  7 kobolds
  4 rats
122 creatures vanquished.

Notes
Turn   | Place    | Note
--------------------------------------------------------------
     0 | D:1      | Kite, the Minotaur Berserker, began the quest for the Orb.
     0 | D:1      | Reached XP level 1. HP: 19/19 MP: 1/1
   318 | D:1      | Reached skill level 4 in Axes
   401 | D:1      | Reached XP level 2. HP: 26/26 MP: 1/1
   620 | D:1      | Reached skill level 5 in Axes
   744 | D:1      | Acquired Trog's second power
   937 | D:1      | Reached XP level 3. HP: 31/31 MP: 2/2
  1359 | D:2      | Noticed Jessica
  1380 | D:2      | Killed Jessica
  1837 | D:3      | Noticed Afay's ghost (average MfGl)
  2144 | D:3      | Reached XP level 4. HP: 35/39 MP: 2/2
  2175 | D:3      | Reached skill level 6 in Axes
  2295 | D:3      | Killed Afay's ghost
  2295 | D:3      | Reached skill level 7 in Axes
  2295 | D:3      | Reached XP level 5. HP: 12/45 MP: 2/2
  3300 | D:3      | Reached skill level 8 in Axes
  3300 | D:3      | Reached XP level 6. HP: 31/51 MP: 3/3
  3812 | D:4      | Reached skill level 9 in Axes
  3948 | D:4      | Noticed MackTheKnife's ghost (average OpWn)
  3966 | D:4      | Killed MackTheKnife's ghost
  3966 | D:4      | Reached XP level 7. HP: 46/57 MP: 3/3
  4025 | D:4      | Noticed Grinder
  4041 | D:4      | Killed Grinder
  4041 | D:4      | Reached skill level 10 in Axes
  4583 | D:5      | Entered Level 5 of the Dungeon
  4784 | D:5      | Reached skill level 11 in Axes
  4918 | D:5      | Reached XP level 8. HP: 58/61 MP: 3/3
  4949 | D:5      | Found a bloodstained altar of Trog.
  5115 | D:5      | Reached skill level 12 in Axes
  5432 | D:5      | Found Klolab's Weapon Boutique.
  6089 | D:6      | Found Penet's Armour Shop.
  6284 | D:6      | Reached skill level 13 in Axes
  6325 | D:6      | Noticed Pikel
  6352 | D:6      | Mangled by Pikel

Action                   |  1- 3 |  4- 6 |  7- 9 || total
-------------------------+-------+-------+-------++-------
Melee: Hand axe          |   110 |   118 |   111 ||   339
       War axe           |       |       |    56 ||    56
Throw: Javelin           |       |     3 |     5 ||     8
Invok: Berserk           |     1 |     1 |     1 ||     3
       Trog's Hand       |     2 |     1 |     3 ||     6
  Use: Scroll            |     3 |       |       ||     3
  Eat: Chunk             |     4 |     4 |    10 ||    18
       Pizza             |     1 |       |       ||     1
       Beef jerky        |       |     1 |       ||     1
